 Dungeon Crawl Stone Soup version 0.29-a0-565-g7a16c6de65 (webtiles) character file.

Game seed: 13570712442021360839

152 Lekart the Chopper (level 5, -4/46 HPs)
             Began as a Draconian Chaos Knight on June 12, 2022.
             Was a Plaything of Xom.
             Slain by a gnoll
             ... wielding a +0 scythe
              (9 damage)
             ... on level 4 of the Dungeon.
             The game lasted 00:02:04 (2754 turns).

Lekart the Chopper (Draconian Chaos Knight)         Turns: 2754, Time: 00:02:05

Health: -4/46      AC:  5    Str: 16    XL:     5   Next: 11%
Magic:  5/5        EV: 12    Int: 12    God:    Xom [...*..]
Gold:   130        SH:  0    Dex: 11    Spells: 4/4 levels left

rFire   + . .      SeeInvis .   a - +0 hand axe (chaos)
rCold   + . .      Faith    .   (no shield)
rNeg    . . .      Spirit   .   (body armour unavailable)
rPois   +          Reflect  .   (helmet restricted)
rElec   +          Harm     .   (no cloak)
rCorr   +          Rampage  .   (no gloves)
Will    .....                   (no boots)
Stlth   +.........              (no amulet)
HPRegen 0.15/turn               (no ring)
MPRegen 0.09/turn               (no ring)

@: resistant
A: AC +5, unfitting armour, cold-blooded
a: Renounce Religion


You were on level 4 of the Dungeon.
You worshipped Xom.
You were a favourite toy of Xom.
You visited 1 branch of the dungeon, and saw 4 of its levels.

You collected 130 gold pieces.

Inventory:

Hand Weapons
 a - a +0 hand axe of chaos (weapon)
Jewellery
 c - a ring of see invisible
 i - a ring of wizardry
Scrolls
 g - a scroll of fog
 j - a scroll of fear
Potions
 d - 2 potions of curing
 h - a potion of might
Miscellaneous
 b - a piece from Xom's chessboard (15/15) (quivered)


   Skills:
 + Level 4.1 Fighting
 + Level 4.2 Axes
 * Level 3.6 Dodging


You had 4 spell levels left.
You didn't know any spells.
Your spell library contained the following spells:

 Spells                   Type           Power      Damage    Failure   Level
 Apportation              Tloc           0%         N/A       32%         1
 Necrotize                Necr           0%         1d4       32%         1
 Summon Small Mammal      Summ           0%         N/A       32%         1


Dungeon Overview and Level Annotations

Branches:
Dungeon (4/15)
 Temple: D:4-7

Altars:


Innate Abilities, Weirdness & Mutations

Your plain brown scales are hard. (AC +5)
You cannot fit into any form of body armour.
You are cold-blooded and may be slowed by cold attacks.


Message History

You slash the hound!
The hound is poisoned.
The hound is heavily wounded.
The hound completely misses you. The hound bites you but does no damage.
You closely miss the hound.
The hound is heavily wounded.
The hound bites you. The gnoll barely misses you.
You barely miss the hound.
The hound is heavily wounded.
The hound closely misses you. The gnoll misses you.
The hound bites you but does no damage.
You closely miss the hound.
The hound is severely wounded.
The hound misses you. The gnoll barely misses you.
The hound bites you but does no damage.
You barely miss the hound. You tail-slap the hound.
You kill the hound!
The gnoll hits you from afar with a +0 scythe.
You have reached level 5!
The gnoll misses you. The gnoll completely misses you.
The gnoll hits you from afar with a +0 scythe!
You see here a hound corpse.
You hit the gnoll.
The gnoll seems to grow stronger.
Xom thinks this is hilarious!
You tail-slap the gnoll!
You kill the gnoll!
The gnoll hits you from afar with a +0 scythe!
* * * LOW HITPOINT WARNING * * *
The gnoll barely misses you.
A gnoll comes into view. It is wielding a +0 scythe.
The gnoll hits you with a +0 scythe.
* * * LOW HITPOINT WARNING * * *
The gnoll closely misses you.
You see here a +0 scythe.
The gnoll shouts!
You hit the gnoll.
The gnoll is lightly wounded.
You hit the gnoll. You freeze the gnoll.
The gnoll blinks!
You feel a little less mighty now. The gnoll hits you with a +0 scythe!
You die...

#.#..##.##.#.#
.#.#...#.##.#.####
.#.......##......#
.......#.####.##.#
.#.##.##......##.#
#<##>##.#######g#
#.##.##.# #.#
#.......# #†#
###...### #@#
..... #§g# .....
..... .......
####..# ... ..#
..# .# .#


You could see 2 gnolls.

Vanquished Creatures
  2 hounds (D:4)
  2 gnolls
  An adder (D:2)
  A worm (D:2)
  A dart slug (D:1)
  7 ball pythons
  5 endoplasms
  A giant cockroach (D:3)
  7 goblins
  3 hobgoblins
  3 jackals (D:2)
  5 quokkas
  6 bats
  2 frilled lizards
  5 kobolds
  5 rats
56 creatures vanquished.

Notes
Turn   | Place    | Note
-------+----------+-------------------------------------------
     0 | D:1      | Lekart the Draconian Chaos Knight began the quest for the
                  | Orb.
     0 | D:1      | Reached XP level 1. HP: 19/19 MP: 1/1
   129 | D:1      | XOM: divination: detect items
   196 | D:1      | XOM: potion effect (curing)
   255 | D:1      | XOM: silly message
   317 | D:1      | XOM: potion effect (brilliance)
   320 | D:1      | Reached XP level 2. HP: 16/26 MP: 2/2
   326 | D:1      | XOM: silly message
   533 | D:1      | XOM: 5-stop teleportation journey
   704 | D:1      | XOM: 3-stop teleportation journey
   840 | D:1      | Reached XP level 3. HP: 31/33 MP: 3/3
  1138 | D:2      | XOM: confuse monster(s)
  1369 | D:2      | XOM: god gift: 16 stones
  1516 | D:2      | Reached XP level 4. HP: 40/40 MP: 4/4
  2751 | D:4      | Reached XP level 5. HP: 31/46 MP: 5/5
  2754 | D:4      | Slain by a gnoll

Illustrated notes

Levels and vault maps discovered:
D:1:      ncdulo_lavacross, layout_basic, amcnicky_mini_pool_small,
          grunt_decor_clamped
D:2:      layout_rooms
D:3:      layout_basic
D:4:      layout_loops_corners, serial_shops, shop, dreamdust_gnoll_farm,
          uniq_crazy_yiuf_cottage

Skill      XL: |  1  2  3  4 |
---------------+-------------+-----
Fighting       | 4 |  4.1
Dodging        | 3 |  3.6
Axes           | 4 |  4.2

Action                   |  1- 3 |  4- 6 || total
-------------------------+-------+-------++-------
Melee: Hand axe          |   114 |    39 ||   153
       Tailslap          |    10 |     5 ||    15
       Punch             |     2 |       ||     2
  Use: Scroll            |     3 |     3 ||     6
       Potion            |       |     3 ||     3
 Stab: Distracted        |       |     1 ||     1
Armor: Skin              |    28 |    11 ||    39
Dodge: Dodged            |   105 |    27 ||   132

Table legend: (Time is in decaauts)
 A = Elapsed time spent in this place.
 B = Non-inter-level travel time spent in this place.
 C = Inter-level travel time spent in this place.
 D = Time resting spent in this place.
 E = Time spent auto-exploring this place.
 F = Levels seen in this place.
 G = Mean time per level.
                   A        B        C        D        E       F      G
               +--------+--------+--------+--------+--------+-----+--------+
         Total |   2772 |   2701 |     71 |    301 |   2035 |   4 |  693.0 |
       Dungeon |   2772 |   2701 |     71 |    301 |   2035 |   4 |  693.0 |
               +--------+--------+--------+--------+--------+-----+--------+

Top non-repeatable levels by time:
     D:1: 1144 daAuts
     D:3: 900 daAuts
     D:2: 679 daAuts
     D:4: 47 daAuts
